 Dungeon Sprint DCSS version 0.22.1-2-g9c5b331383 (webtiles) character file.

65129 Groucho the Peltast (level 15, -3/111 HPs)
             Began as a Gargoyle Fighter on Jan 4, 2019.
             Was the Champion of Qazlal.
             Killed from afar by a deep elf high priest (34 damage)
             ... with damnation
             ... in the Dungeon (Sprint VII: "The Pits").
             The game lasted 00:17:45 (5658 turns).

Groucho the Peltast (Gargoyle Fighter)              Turns: 5658, Time: 00:17:45

Health: -3/111     AC: 49    Str: 25    XL:     15   Next: 15%
Magic:  15/30      EV: 13    Int: 10    God:    Qazlal [******]
Gold:   55         SH: 24    Dex: 12    Spells: 14/14 levels left

rFire    . . .     SeeInvis .   l - +11 war axe of Taola {chop, rC++}
rCold    + + .     Gourm    .   c - +0 shield
rNeg     + . .     Faith    .   I - +5 plate armour
rPois    ∞         Spirit   .   (no helmet)
rElec    +         Reflect  .   J - +1 cloak
rCorr    .         Harm     .   H - +1 pair of gloves
MR       +....     NoTele   +   G - +1 pair of boots
Stlth    ..........             E - amulet of rage
HPRegen  0.28/turn              r - +3 ring of dexterity
MPRegen  0.22/turn              s - +3 ring of protection

@: protected from physical damage, flying, glowing, repel missiles
A: big wings, high mp 1, negative energy resistance 1, electricity resistance,
unbreathing, petrification resistance, rot immunity, AC +11
a: Stop Flying, Upheaval, Elemental Force, Disaster Area, Renounce Religion,
Evoke Berserk Rage


You were in the Dungeon.
You worshipped Qazlal.
Qazlal was exalted by your worship.
You were hungry.

You visited 1 branch You collected 55 gold pieces.

Inventory:

Hand Weapons
 a - the +5 war axe of Indomitability {speed, -Tele rElec rN++ Dex+4}
   (You found it in the Dungeon)

   Attacks with this weapon are significantly faster.
   It affects your dexterity (+4).
   It insulates you from electricity.
   It greatly protects you from negative energy.
   It prevents most forms of teleportation.
 l - the +11 war axe of Taola (weapon) {chop, rC++}
   (You found it in the Dungeon)

   It inflicts extra damage upon your enemies.
   It greatly protects you from cold.
 w - a +5 broad axe
 K - a +0 eveningstar of protection
 L - the +5 hand axe of Extremism {drain, +Inv MR- Dex+8}
   (You found it in the Dungeon)

   A truly terrible weapon, it drains the life of those it strikes.
   It affects your dexterity (+8).
   It affects your resistance to hostile enchantments.
   It lets you turn invisible.
Missiles
 q - 14 stones (quivered)
 F - 15 javelins
Armour
 c - a +0 shield (worn)
 G - a +1 pair of boots (worn)
 H - a +1 pair of gloves (worn)
 I - a +5 plate armour (worn)
 J - a +1 cloak (worn)
Jewellery
 r - a +3 ring of dexterity (left hand)
 s - a +3 ring of protection (right hand)
 v - the cursed ring of Fezud {rN+ MP+9 Str-2}
   (You took it off a yellow draconian in the Dungeon)

   [ring of strength]

   It affects your strength (-2).
   It protects you from negative energy.
   It affects your magic capacity (+9).
   It has a curse placed upon it.
 y - an uncursed ring of see invisible
 z - an uncursed ring of protection from fire
 E - an amulet of rage (around neck)
Wands
 b - a wand of random effects (19)
Scrolls
 k - 2 scrolls of blinking
 n - 5 scrolls of remove curse
 o - 5 scrolls of amnesia
 p - a scroll of summoning
 x - 3 scrolls of identify
 A - 2 scrolls of fear
 B - 2 scrolls of enchant weapon
 C - 2 scrolls of enchant armour
 D - a scroll of fog
Potions
 d - a potion of flight {unknown}
 e - 9 potions of curing
 g - 2 potions of heal wounds
 h - 2 potions of haste
 i - 2 potions of magic
 j - 7 potions of berserk rage
 m - 2 potions of invisibility
 t - 3 potions of agility
 u - 4 potions of might
Comestibles
 f - 8 rations


   Skills:
 + Level 19.4 Fighting
 + Level 16.6 Axes
 * Level 20.0 Armour
 * Level 9.7 Dodging
 * Level 20.0 Shields
 * Level 18.1 Invocations


You had 14 spell levels left.
You didn't know any spells.
Your spell library was empty.

Dungeon Overview and Level Annotations

Branches:
Dungeon (1/1)

Altars:
Ashenzari
Cheibriados
Dithmenos
Elyvilon
Fedhas
Gozag
Hepliaklqana
Kikubaaqudgha
Makhleb
Nemelex Xobeh
Okawaru
Qazlal
Ru
Sif Muna
Trog
Uskayaw
Vehumet
Wu Jian
Xom
Yredelemnul
Zin
The Shining One
Beogh
Jiyva
Lugonu


Innate Abilities, Weirdness & Mutations

You are resistant to torment.
Your stone body is resilient. (AC +11)
You are immune to poison.
Your large and strong wings let you fly indefinitely.
You resist negative energy. (rN+)
You are resistant to electric shocks. (rElec)
You can survive without breathing.
You are immune to petrification.
You are immune to rotting.
You have an increased reservoir of magic. (+10% MP)


Message History

Press: ? - help, Dir - move target cursor, f - ophan, p - apis
Aim: an ophan (moderately wounded, haloed)
The ground shakes violently, spewing rubble!
The blast of rubble hits the ophan.
The ophan is heavily wounded.
The blast of rubble hits the deep elf sorcerer.
You kill the deep elf sorcerer!
Qazlal accepts your kill.
Your Armour skill increases to level 20!
Your Shields skill increases to level 20!
The blast of rubble hits the apis.
The apis is almost dead.
The blast of rubble hits the balrug.
The balrug is moderately wounded.
The blast of rubble hits the deep elf death mage.
The deep elf death mage is almost dead.
You hear a low.
The deep elf high priest mumbles some strange prayers to its god against you.
The sphere of damnation explodes!
The damnation engulfs you!
You die...

....#....#.....#..#
.)###....####..#..#
))..........'..#..#
.........####..#(.#
...####..#.....#..#
...#((#..#.[#.[#.§#
..##(('..#[.#[[#§§#
################.§#
#@.# #e≈)§.#
.e.G2#)§## .Y..
##.: .4. ..# .# #.:
..: ..:


You could see an apis, an ophan, a balrug, a deep elf death mage, a deep elf
high priest and a red devil.

Vanquished Creatures
  A deep elf master archer (D)
  A sphinx (D)
  Ilsuiw (D)
  A draconian knight (D)
  3 nagarajas (D)
  2 deep elf sorcerers (D)
  2 orc warlords (D)
  A balrug (D)
  A deep elf demonologist (D)
  3 red draconians (D)
  A purple draconian (D)
  Azrael (D)
  3 yellow draconians (D)
  3 deep elf death magi (D)
  A merfolk javelineer (D)
  2 yaktaur captains (D)
  A deep elf high priest (D)
  4 naga warriors (D)
  A catoblepas (D)
  A centaur warrior (D)
  A hell beast (D)
  2 hydras (D)
  2 two-headed ogres (D)
  3 death yaks (D)
  2 vampire magi (D)
  A sun demon (D)
  3 deep elf knights (D)
  A salamander mystic (D)
  An iron troll (D)
  2 swamp dragons (D)
  4 harpies (D)
  10 orc knights (D)
  A wolf spider (D)
  2 cyclopes (D)
  3 merfolk sirens (D)
  A black mamba (D)
  An orange demon (D)
  2 efreet (D)
  6 yaktaurs (D)
  A rime drake (D)
  5 ice devils (D)
  A wandering mushroom (D)
  A freezing wraith (D)
  A guardian mummy (D)
  A tyrant leech (D)
  A red devil (D)
  5 merfolk (D)
  A jumping spider (D)
  A polar bear (D)
  A hornet (D)
  A snapping turtle (D)
  A flying skull (D)
  2 shadows (D)
  A ynoxinul (D)
  5 redbacks (D)
  3 fire elementals (D)
  2 wyverns (D)
  3 yaks (D)
  2 spriggans (D)
  A water elemental (D)
  A basilisk (D)
  A steam dragon (D)
  A chaos spawn (D)
  A neqoxec (D)
  2 small abominations (D)
  An acid dragon (D)
  A hell hound (D)
  2 nagas (D)
  A water moccasin (D)
  A swamp drake (D)
  A sky beast (D)
  An orc warrior (D)
  An eye of draining (D)
  A centaur (D)
  6 wolves (D)
  4 killer bees (D)
  A crimson imp (D)
  A jelly (D)
  A hound (D)
  An orc wizard (D)
  An iron imp (D)
  A worker ant (D)
  A hell rat (D)
  A mummy (D)
  3 adders (D)
  2 gnolls (D)
  A river rat (D)
  An ufetubus (D)
  2 oozes (D)
  A leopard gecko (D)
  A ball python (D)
  A giant cockroach (D)
  2 goblins (D)
  2 quokkas (D)
  A jackal simulacrum (D)
  2 kobolds (D)
175 creatures vanquished.

Vanquished Creatures (others)
  A yaktaur (D)
  An acid dragon (D)
2 creatures vanquished.

Grand Total: 177 creatures vanquished

Notes
Turn   | Place    | Note
-------+----------+-------------------------------------------
     0 | D        | Groucho the Gargoyle Fighter began the quest for the Orb.
     0 | D        | Reached XP level 1. HP: 14/14 MP: 1/1
    49 | D        | Found a bloodstained altar of Trog.
    49 | D        | Found a deep blue altar of Sif Muna.
    49 | D        | Found a viscous altar of Jiyva.
    49 | D        | Found a hazy altar of Hepliaklqana.
    49 | D        | Found an opulent altar of Gozag.
    50 | D        | Found a glowing golden altar of the Shining One.
    50 | D        | Found a glowing silver altar of Zin.
    50 | D        | Found a basalt altar of Yredelemnul.
    50 | D        | Found a shimmering altar of Xom.
    50 | D        | Found an ornate altar of the Wu Jian Council.
    50 | D        | Found a sacrificial altar of Ru.
    50 | D        | Found a stormy altar of Qazlal.
    50 | D        | Found an iron altar of Okawaru.
    50 | D        | Found a sparkling altar of Nemelex Xobeh.
    50 | D        | Found a burning altar of Makhleb.
    50 | D        | Found a blossoming altar of Fedhas.
    50 | D        | Found a white marble altar of Elyvilon.
    50 | D        | Found a shadowy altar of Dithmenos.
    50 | D        | Found a snail-covered altar of Cheibriados.
    52 | D        | Found a radiant altar of Vehumet.
    52 | D        | Found a corrupted altar of Lugonu.
    52 | D        | Found a roughly hewn altar of Beogh.
    53 | D        | Found a hide-covered altar of Uskayaw.
    53 | D        | Found an ancient bone altar of Kikubaaqudgha.
    53 | D        | Found a shattered altar of Ashenzari.
    65 | D        | Became a worshipper of Qazlal Stormbringer
    90 | D        | Reached skill level 1 in Invocations
    90 | D        | Reached XP level 2. HP: 20/20 MP: 1/3
   328 | D        | Reached * piety under Qazlal
   379 | D        | Reached ** piety under Qazlal
   379 | D        | Reached XP level 3. HP: 20/24 MP: 4/4
   463 | D        | Reached *** piety under Qazlal
   463 | D        | Reached skill level 5 in Fighting
   463 | D        | Reached XP level 4. HP: 26/31 MP: 6/6
   468 | D        | Noticed a centaur
   469 | D        | Killed a centaur
   469 | D        | Reached skill level 5 in Armour
   469 | D        | Reached skill level 5 in Shields
   469 | D        | Reached XP level 5. HP: 31/36 MP: 6/8
   492 | D        | Reached skill level 5 in Axes
   492 | D        | Reached skill level 5 in Invocations
   788 | D        | Reached **** piety under Qazlal
   791 | D        | Noticed a cyclops
   799 | D        | Killed a cyclops
   799 | D        | Reached XP level 6. HP: 11/44 MP: 9/11
   799 | D        | Reached XP level 7. HP: 12/49 MP: 9/12
  1611 | D        | Noticed an ice devil
  1612 | D        | Reached XP level 8. HP: 56/56 MP: 14/14
  1620 | D        | Killed an ice devil
  2072 | D        | Noticed a shadow
  2072 | D        | Noticed a wyvern
  2080 | D        | Killed a shadow
  2080 | D        | Reached skill level 10 in Fighting
  2082 | D        | Killed a wyvern
  2082 | D        | Reached skill level 10 in Armour
  2082 | D        | Reached skill level 10 in Shields
  2252 | D        | Noticed a redback
  2252 | D        | Noticed a red devil
  2253 | D        | Noticed an efreet
  2258 | D        | Noticed a snapping turtle
  2258 | D        | Noticed a ynoxinul
  2258 | D        | Noticed a death yak
  2259 | D        | Killed a red devil
  2259 | D        | Reached ***** piety under Qazlal
  2259 | D        | Reached XP level 9. HP: 42/63 MP: 16/16
  2263 | D        | Noticed a cyclops
  2265 | D        | Reached skill level 10 in Invocations
  2267 | D        | Killed an efreet
  2279 | D        | Killed a cyclops
  2281 | D        | Killed a death yak
  2281 | D        | Reached XP level 10. HP: 42/71 MP: 12/18
  2529 | D        | Noticed a black mamba
  2535 | D        | Killed a black mamba
  2535 | D        | Reached skill level 10 in Axes
  2741 | D        | Reached ****** piety under Qazlal
  2746 | D        | Noticed a death yak
  2747 | D        | Noticed a death yak
  2752 | D        | Noticed a merfolk siren
  2756 | D        | Noticed Ilsuiw
  2758 | D        | Killed a death yak
  2762 | D        | Killed a death yak
  2762 | D        | Reached XP level 11. HP: 45/78 MP: 9/20
  2763 | D        | Noticed a two-headed ogre
  2767 | D        | Killed a two-headed ogre
  2784 | D        | Noticed a swamp dragon
  2793 | D        | Killed Ilsuiw
  2804 | D        | Killed a swamp dragon
  3403 | D        | Noticed a vampire mage
  3421 | D        | Killed a vampire mage
  3850 | D        | Noticed a merfolk javelineer
  3851 | D        | Noticed a two-headed ogre
  3856 | D        | Killed a merfolk javelineer
  3856 | D        | Reached XP level 12. HP: 52/86 MP: 17/22
  3859 | D        | Killed a two-headed ogre
  3859 | D        | Reached skill level 15 in Fighting
  3871 | D        | Gained mutation: You have an increased reservoir of magic.
                  | (+10% MP) [a neqoxec]
  3903 | D        | Reached skill level 15 in Armour
  3903 | D        | Reached skill level 15 in Shields
  4157 | D        | Noticed a hell beast
  4157 | D        | Noticed an orc warlord
  4158 | D        | Killed a hell beast
  4158 | D        | Reached skill level 15 in Invocations
  4158 | D        | Killed an orc warlord
  4181 | D        | Noticed a deep elf knight
  4187 | D        | Killed a deep elf knight
  4187 | D        | Noticed a deep elf knight
  4194 | D        | Killed a deep elf knight
  4194 | D        | Reached XP level 13. HP: 65/93 MP: 20/27
  4197 | D        | Noticed a red draconian
  4212 | D        | Killed a red draconian
  4214 | D        | Noticed an orc warlord
  4214 | D        | Noticed a yaktaur captain
  4217 | D        | Killed a yaktaur captain
  4219 | D        | HP: 2/95 [orc warlord/battleaxe (28)]
  4504 | D        | Noticed a yaktaur captain
  4513 | D        | Killed a yaktaur captain
  4627 | D        | Killed an orc warlord
  4627 | D        | Reached skill level 1 in Dodging
  5055 | D        | Got the +5 war axe of Indomitability {speed, -Tele rElec
                  | rN++ Dex+4}
  5169 | D        | Noticed a deep elf master archer
  5169 | D        | Noticed a red draconian
  5170 | D        | Killed a red draconian
  5170 | D        | Reached skill level 15 in Axes
  5170 | D        | Killed a deep elf master archer
  5176 | D        | Gained mutation: Your large and strong wings let you fly
                  | indefinitely. [Gargoyle growth]
  5176 | D        | Reached XP level 14. HP: 103/103 MP: 22/29
  5209 | D        | Got the +5 hand axe of Extremism {drain, +Inv MR- Dex+8}
  5290 | D        | Noticed a nagaraja
  5291 | D        | Noticed a yellow draconian
  5312 | D        | Killed a nagaraja
  5312 | D        | Reached skill level 5 in Dodging
  5321 | D        | Noticed Azrael
  5359 | D        | Killed Azrael
  5372 | D        | Killed a yellow draconian
  5408 | D        | Got the +11 war axe of Taola {chop, rC++}
  5431 | D        | Got the cursed ring of Fezud {rN+ MP+9 Str-2}
  5508 | D        | Noticed a sphinx
  5510 | D        | Paralysed by a sphinx for 4 turns
  5512 | D        | Noticed a nagaraja
  5513 | D        | Noticed a deep elf sorcerer
  5515 | D        | Killed a deep elf sorcerer
  5515 | D        | Noticed a red draconian
  5517 | D        | Noticed a yellow draconian
  5518 | D        | Killed a yellow draconian
  5518 | D        | Killed a nagaraja
  5518 | D        | Noticed a deep elf demonologist
  5519 | D        | Noticed a purple draconian knight
  5520 | D        | Killed a sphinx
  5546 | D        | Noticed a reaper
  5547 | D        | Killed a red draconian
  5550 | D        | Killed a deep elf demonologist
  5564 | D        | Killed a purple draconian knight
  5625 | D        | Noticed a balrug
  5630 | D        | Killed a balrug
  5639 | D        | Noticed a nagaraja
  5641 | D        | Noticed a purple draconian
  5644 | D        | Noticed a yellow draconian
  5649 | D        | Reached XP level 15. HP: 71/111 MP: 25/30
  5650 | D        | Killed a nagaraja
  5656 | D        | Noticed a deep elf sorcerer
  5657 | D        | Noticed a balrug
  5658 | D        | Killed a deep elf sorcerer
  5658 | D        | Killed from afar by a deep elf high priest

Skill      XL: |  1  2  3  4  5  6  7  8  9 10 11 12 13 14 15 |
---------------+----------------------------------------------+-----
Axes           | 2 3 4 6 7 8 9 11 12 13 15 16 | 16.6
Fighting       | 4 5 8 9 10 11 13 14 16 17 19 | 19.4
Armour         | 4 5 8 9 10 11 13 14 16 17 19 20 | 20.0
Shields        | 4 5 8 9 10 11 13 14 16 17 19 20 | 20.0
Invocations    | 1 2 3 4 7 8 9 11 12 14 15 16 17 18 | 18.1
Dodging        | 4 9 |  9.7

Action                   |  1- 3 |  4- 6 |  7- 9 | 10-12 | 13-15 || total
-------------------------+-------+-------+-------+-------+-------++-------
Melee: War axe           |    66 |    13 |    10 |       |    34 ||   123
       Broad axe         |       |       |    22 |   146 |   137 ||   305
Invok: Upheaval          |       |     1 |    12 |    19 |    27 ||    59
       Disaster Area     |       |       |       |     3 |     6 ||     9
 Abil: Fly               |       |       |       |       |     1 ||     1
  Use: Potion            |     2 |       |     4 |     2 |     6 ||    14
       Scroll            |       |       |       |       |     1 ||     1
  Eat: Ration            |       |       |     1 |     3 |       ||     4
       Chunk             |       |       |     1 |       |       ||     1
Armor: Scale mail        |    42 |       |       |       |       ||    42
       Plate armour      |    11 |     1 |    29 |    88 |    74 ||   203
Dodge: Dodged            |    40 |     2 |     7 |    28 |    27 ||   104
       Deflected         |       |       |     1 |     2 |     3 ||     6
Block: Shield            |    66 |     7 |    44 |   176 |   142 ||   435
